 Dungeon Crawl Stone Soup version 0.19-a0-1268-g6c5d9f8 (webtiles) character file.

2656 4thArraOfDagon the Grappler (level 9, -4/89 HPs)
             Began as a Troll Gladiator on Aug 29, 2016.
             Was an Initiate of Sif Muna.
             Killed from afar by a hell hound (13 damage)
             ... with a blast of flame
             ... on level 10 of the Dungeon.
             The game lasted 00:06:17 (1441 turns).

4thArraOfDagon the Grappler (Troll Gladiator)       Turns: 1441, Time: 00:06:18

Health: -4/89      AC:  6    Str: 25    XL:     9   Next: 36%
Magic:  8/8        EV: 10    Int:  7    God:    Sif Muna [......]
Gold:   188        SH:  0    Dex: 10    Spells: 0 memorised, 8 levels left

rFire  . . .     SeeInvis .       - Unarmed
rCold  . . .     Gourm    +     a - +0 robe
rNeg   . . .     Faith    .     (no shield)
rPois  .         Spirit   .     b - +1 hat
rElec  .         Dismiss  .     (no cloak)
rCorr  .         Reflect  .     (gloves unavailable)
MR     .....     Harm     .     (boots unavailable)
Stlth  +.........               u - amulet of magic regeneration
                                (no ring)
                                (no ring)

@: flying
A: unfitting armour, claws 3, fast metabolism 3, gourmand, regeneration 1,
shaggy fur 1, tough skin 2
a: Renounce Religion


You were on level 10 of the Dungeon.
You worshipped Sif Muna.
Sif Muna was noncommittal.
You were full.

You visited 1 branch of the dungeon, and saw 10 of its levels.

You collected 188 gold pieces.

Inventory:

Hand Weapons
 w - the +5 short sword "Surchu Geuriu" {flame, Str+2 Stlth+, unknown}
   (You found it on level 8 of the Dungeon)

   It has been specially enchanted to burn those struck by it, causing extra
   injury to most foes and up to half again as much damage against particularly
   susceptible opponents.
   It affects your strength (+2).
   It makes you more stealthy.
Armour
 a - a +0 robe (worn)
 b - a +1 hat (worn)
Jewellery
 u - an amulet of magic regeneration (around neck)
Wands
 c - a wand of iceblast (11/15)
Scrolls
 e - a scroll of blinking {unknown}
 g - a scroll of recharging {unknown}
 h - 2 scrolls of enchant weapon {unknown}
 j - a scroll of random uselessness
 l - 2 scrolls of identify {unknown}
 m - 2 scrolls of remove curse {unknown}
 v - a scroll of immolation {unknown}
Potions
 i - a potion of flight
 n - a potion of degeneration {unknown}
 t - a potion of brilliance {unknown}
Comestibles
 d - 3 bread rations
 f - 2 meat rations


   Skills:
 + Level 6.3 Fighting
 - Level 1.7 Throwing
 - Level 2.4 Dodging
 * Level 10.9 Unarmed Combat


You had 8 spell levels left.
You didn't know any spells.

Dungeon Overview and Level Annotations

Branches:
Dungeon (10/15)            Temple (0/1) D:6            Lair (0/6) D:10
    Orc (0/2) D:10

Altars:
Ashenzari
Dithmenos
Elyvilon
Hepliaklqana
Kikubaaqudgha
Ru
Sif Muna
Xom
Zin
The Shining One


Innate Abilities, Weirdness & Mutations

You are too large for most types of armour.
You have claws for hands.
Your metabolism is lightning-fast.
You like to eat raw meat.
Your natural rate of healing is unusually fast.
You are covered in fur. (AC +1)
You have very tough skin. (AC +2)


Message History

You claw the hell hound!
The hell hound is moderately wounded.
The hell hound bites you.
* * * LOW HITPOINT WARNING * * *
Unknown command.
Unknown command.
You barely miss the hell hound. You claw the hell hound.
The hell hound is heavily wounded.
The hell hound bites you.
* * * LOW HITPOINT WARNING * * *
Unknown command.
Unknown command.
Unknown command.
It was a potion of flight.
You feel very buoyant.
You fly up into the air.
The hell hound bites you.
* * * LOW HITPOINT WARNING * * *
The hell hound breathes flames at you. The blast of flame hits you!
You die...

≈≈≈≈,,* #.,,* *,*** ,,≈≈≈,*
*#.######## ***+***** ,>,≈≈,*
*.........##*,,,,,,,*
≈,,≈≈,*****..........,*,,,,,,,*
≈≈≈,≈,,,,**.........#,*,,,,,,,*
,≈≈≈,,**,,,.........#,*,,,,,,,*
,,,,,,*****.........#,*,,,,,,,*
,,,,,,* *****###.#*,+,,,,,,,*
****,** ####@h<#***,,,,,,,*
*,,* #....### **,,,,,,***
***+*** *#(#### ******,,,*
,,,,,,* #.....#*******,,,,,,,,
,,,,,,* #.........,,,+,,,,,,,,
,,,,,,* #.....####****,,,,,,,,
,,,,,,* **#.....# *,,,,,,,,
,,,,,,* *,C...@.# *,>,,,,,,
,,,,,,****,#.....# *,,,,,,,,


You could see a hell hound.

Vanquished Creatures
  Harold (D:10)
  A troll (D:9)
  A two-headed ogre (D:9)
  5 yaks (D:9)
  An ice beast (D:6)
  An ogre (D:9)
  A centaur (D:6)
  3 giant frogs
  2 scorpions
  A gnoll shaman (D:7)
  2 hounds
  An iguana (D:4)
  An orc wizard (D:6)
  A worker ant (D:6)
  2 gnolls (D:7)
  3 adders
  A shadow imp (D:8)
  2 giant geckos
  5 orcs
  A bat (D:2)
  A giant cockroach (D:2)
  A goblin (D:1)
  3 jackals
  A quokka (D:6)
  A giant gecko skeleton (D:6)
  A kobold (D:2)
  A quokka zombie (D:6)
  A rat (D:2)
46 creatures vanquished.

Notes
Turn   | Place    | Note
-------+----------+-------------------------------------------
     0 | D:1      | 4thArraOfDagon the Troll Gladiator began the quest for the Orb.
     0 | D:1      | Reached XP level 1. HP: 19/19 MP: 0/0
    42 | D:2      | 4thArraOfDagon: cant get good itans recently
    72 | D:2      | Found a deep blue altar of Sif Muna.
    72 | D:2      | Found a hazy altar of Hepliaklqana.
    89 | D:2      | Became a worshipper of Sif Muna the Loreminder
   133 | D:2      | Found a shadowy altar of Dithmenos.
   269 | D:4      | Noticed an iguana
   273 | D:4      | Killed an iguana
   273 | D:4      | Reached XP level 2. HP: 28/28 MP: 1/1
   273 | D:4      | Reached XP level 3. HP: 35/35 MP: 2/2
   302 | D:4      | Reached skill level 4 in Unarmed Combat
   332 | D:5      | Entered Level 5 of the Dungeon
   339 | D:5      | Noticed a scorpion
   343 | D:5      | Killed a scorpion
   343 | D:5      | Reached XP level 4. HP: 43/44 MP: 3/3
   440 | D:5      | Turgon: What!
   446 | D:5      | Found a sacrificial altar of Ru.
   475 | D:5      | Turgon: Sif?
   493 | D:6      | Reached skill level 5 in Unarmed Combat
   494 | D:6      | Found a shattered altar of Ashenzari.
   497 | D:6      | jacquesderrida: hi
   509 | D:6      | Found a staircase to the Ecumenical Temple.
   525 | D:6      | Found an ancient bone altar of Kikubaaqudgha.
   532 | D:6      | Noticed a centaur
   532 | D:6      | jacquesderrida: eshenzeri
   542 | D:6      | Killed a centaur
   542 | D:6      | Reached XP level 5. HP: 36/53 MP: 4/4
   555 | D:6      | Noticed an ice beast
   560 | D:6      | Killed an ice beast
   560 | D:6      | Reached skill level 6 in Unarmed Combat
   560 | D:6      | Reached XP level 6. HP: 24/61 MP: 5/5
   675 | D:6      | Reached XP level 7. HP: 68/68 MP: 6/6
   683 | D:6      | Reached skill level 7 in Unarmed Combat
   689 | D:6      | Turgon: ?? tree form
   689 | D:6      | beem: tree form[1/3]: Immobile form with -Tele, +50% HP, 20 + XL/2 AC, minimal EV, rN+++, rPois, torment immunity, and gives +12 base UC damage. Unlike statue form, tree form does NOT give rot or poison immunity.
   707 | D:6      | jacquesderrida: tabstrom
   726 | D:6      | tabstorm: jeq
   732 | D:6      | tabstorm: it me
   746 | D:6      | jacquesderrida: Welcome to degin
   779 | D:6      | jacquesderrida: it you tabeng
   910 | D:7      | tstbtto: Helpu min! Mi kaptitaj en tiu terura Vindozo maŝino. Mi bezonas pli RAM!
   965 | D:8      | Found a shimmering altar of Xom.
  1056 | D:9      | jacquesderrida: I agree
  1064 | D:9      | jacquesderrida: Thanks
  1116 | D:9      | Noticed a two-headed ogre
  1124 | D:9      | Killed a two-headed ogre
  1137 | D:8      | Got an ancient short sword
  1183 | D:10     | Entered Level 10 of the Dungeon
  1200 | D:9      | Noticed a yak
  1200 | D:9      | Noticed a yak
  1200 | D:9      | Noticed a yak
  1201 | D:9      | Noticed a yak
  1201 | D:9      | Noticed a yak
  1219 | D:9      | Reached skill level 8 in Unarmed Combat
  1223 | D:9      | Killed a yak
  1223 | D:9      | Reached XP level 8. HP: 51/79 MP: 7/7
  1231 | D:9      | Reached skill level 5 in Fighting
  1233 | D:9      | Reached skill level 9 in Unarmed Combat
  1288 | D:9      | Found a white marble altar of Elyvilon.
  1288 | D:9      | Found a glowing silver altar of Zin.
  1288 | D:9      | Found a glowing golden altar of the Shining One.
  1297 | D:9      | Noticed a troll
  1301 | D:9      | Killed a troll
  1301 | D:9      | Reached skill level 10 in Unarmed Combat
  1321 | D:10     | Noticed Harold
  1323 | D:10     | Noticed a hill giant
  1432 | D:10     | Killed Harold
  1432 | D:10     | Reached XP level 9. HP: 42/89 MP: 8/8
  1433 | D:10     | no
  1441 | D:10     | Killed from afar by a hell hound

Vault maps used:
D:1:      eino_arrival_cavern_a, minmay_misc_feat_four_crosses,
          minmay_misc_feat_pillars
D:2:      grunt_temple_overflow_open, grunt_dithmenos_smoke_and_mirrors
D:3:      first_bread, minivault_26, uniq_terence
D:4:      st_stairs_1, kennysheep_generic_room_2
D:5:      hangedman_ru_absence
D:6:      kennysheep_mini, lemuel_crystal_altar
D:7:      nicolae_gozag_cash_rules_everything_around_me
D:8:      nicolae_overflow_hidden_temple, david_nohive_1,
          hangedman_abyss_or_decor_stagger, uniq_grum
D:9:      kennysheep_big_flooded_room, good_gods_mini_temple
D:10:     minmay_lair_entry_lava, david_orc_3, enter_bailey_7, uniq_harold

Skill      XL: |  1  2  3  4  5  6  7  8 |
---------------+-------------------------+-----
Fighting       | 2 3 4 6 |  6.3
Unarmed Combat | 4 5 6 8 10 | 10.9
Throwing       | |  1.7
Dodging        | |  2.4

Action                   |  1- 3 |  4- 6 |  7- 9 || total
-------------------------+-------+-------+-------++-------
Melee: Unarmed           |    26 |    45 |    82 ||   153
       Punch             |       |     1 |     3 ||     4
Throw: Throwing net      |       |     1 |     2 ||     3
  Use: Potion            |       |     1 |     4 ||     5
       Scroll            |       |       |     5 ||     5
  Eat: Chunk             |     7 |     5 |     4 ||    16
Armor: Robe              |    13 |    14 |     9 ||    36
       Skin              |       |    18 |    15 ||    33
Dodge: Dodged            |     9 |    25 |    12 ||    46
